 Dungeon Crawl Stone Soup version 0.32-a0-17-gb74e046682 (webtiles) character file.

Game seed: 5468188827694192599

899 Lobster4 the Grave Robber (level 7, -3/48 HPs)
             Began as a Mummy Necromancer on Jan 15, 2024.
             Killed from afar by an orc wizard (7 damage)
             ... with a puff of flame
             ... on level 5 of the Dungeon.
             The game lasted 00:14:19 (4931 turns).

Lobster4 the Grave Robber (Mummy Necromancer)       Turns: 4931, Time: 00:14:19

Health: -3/48      AC:  6    Str: 11    XL:     7   Next: 79%
Magic:  15/15      EV: 11    Int: 16    God:
Gold:   175        SH:  0    Dex: 13    Spells: 9/17 levels left

rFire   x . .        a - +2 short sword (venom)
rCold   + + .        (no shield)
rNeg    + + +        v - +1 leather armour {Will+}
rPois   ∞            p - +0 helmet
rElec   .            (no cloak)
rCorr   .            h - +0 pair of gloves
SInv    .            (no boots)
Will    ++...        (no amulet)
Stlth   ++           j - ring of willpower
HPRegen 0.28/turn    n - ring of protection from cold
MPRegen 0.14/turn

%: faith
@: no status effects
A: cold resistance 1, negative energy resistance 3, torment resistance 2, heat
vulnerability 1, in touch with death 1, no potions, faith
a: no special abilities


You were on level 5 of the Dungeon.
You visited 1 branch of the dungeon, and saw 6 of its levels.
You also visited: Ossuary.

You collected 186 gold pieces.
You spent 11 gold pieces at shops.

Inventory:

Hand Weapons
 a - a +2 short sword of venom (weapon)
 b - a +2 sling of electrocution
 m - a +0 rapier
 s - a +0 dagger
 u - a +0 quarterstaff
Missiles
 c - 36 stones
Armour
 d - a +0 robe
 h - a +0 pair of gloves (worn)
 p - a +0 helmet (worn)
 v - a +1 leather armour of willpower (worn)
Magical Staves
 k - a staff of fire
 o - a staff of earth
Jewellery
 g - a ring of fire
 j - a ring of willpower (left hand)
 n - a ring of protection from cold (right hand)
Scrolls
 e - a scroll of identify {unknown}
 f - 4 scrolls of teleportation
 l - 2 scrolls of vulnerability {unknown}
 q - 3 scrolls of noise
 r - a scroll of enchant weapon {unknown}
 t - a scroll of immolation {unknown}


   Skills:
 - Level 1.0 Fighting
 - Level 1.0 Short Blades
 - Level 2.0 Ranged Weapons
 + Level 2.6 Armour
 - Level 2.0 Dodging
 - Level 2.0 Stealth
 + Level 5.7 Spellcasting
 + Level 5.8 Necromancy
 + Level 2.8 Evocations


You had 9 spell levels left.
You knew the following spells:

 Your Spells              Type           Power      Damage    Failure   Level
a - Necrotise             Necr           100%       1d9       1%          1
b - Vampiric Draining     Necr           35%        2d8       4%          3
c - Animate Dead          Necr           35%        N/A       17%         4

Your spell library contained the following spells:

 Spells                   Type           Power      Damage    Failure   Level
 Fugue of the Fallen      Necr           35%        N/A       4%          3
 Cigotuvi's Dreadful Rot  Necr/Alch/Air  32%        N/A       13%         2
 Sandblast                Erth           8%         2d5       19%         1
 Curse of Agony           Necr           35%        N/A       43%         5
 Passwall                 Erth           4%         N/A       50%         3
 Stone Arrow              Conj/Erth      8%         3d7       50%         3
 Brom's Barrelling Bould  Conj/Erth      4%         2d3       88%         4
 Lehudib's Crystal Spear  Conj/Erth      2%         10d2      100%        8


Dungeon Overview and Level Annotations

Branches:
Dungeon (6/15)            Ossuary (visited)
 Temple: D:4-7

Altars:
Dithmenos
Qazlal
Ru

Shops:
D:2 !   D:4 **

Annotations:
D:2 Terence
D:5 2 transporters, Zirtrex's ghost, amateur BaEE
D:6 Maggie


Innate Abilities, Weirdness & Mutations

You are immune to poison.
Your flesh is cold resistant. (rC+)
You are immune to negative energy. (rN+++)
You are immune to unholy pain and torment.
You are vulnerable to heat. (rF-)
You are in touch with the powers of death.
You do not drink.
You have a special connection with the divine. (Faith)


Message History

* * * LOW HITPOINT WARNING * * *
The orc barely misses you.
The orc wizard hits you with a +0 dagger.
* * * LOW HITPOINT WARNING * * *
There is a stone staircase leading up here.
The orc barely misses you. The orc wizard closely misses you.
You climb upwards.
Level annotation: 2 transporters, Zirtrex's ghost, amateur BaEE
There is a stone staircase leading down here.
Casting: Necrotise (safe; 1% risk of failure)
Confirm with . or Enter, or press ? or * to list all spells.
Aiming: Necrotise (safe; 1% risk of failure)
Press: ? - help, Shift-Dir - straight line, f - orc
Aim: an orc, wielding a +0 whip and wearing a +0 leather armour (chance to affect: 93%)
You feel a surge of power!
The orc writhes in agony!
You kill the orc!
The dead are walking!
The orc wizard barely misses you.
You hit the orc wizard.
The orc wizard is poisoned.
The orc wizard is moderately wounded.
The orc wizard closely misses you.
You hit the orc wizard.
The orc wizard is severely wounded.
Your orc skeleton completely misses the orc wizard.
The orc wizard casts a spell.
The orc wizard flickers and vanishes!
Deactivating autopickup; reactivate with Ctrl-A.
You completely miss something. Something hits you.
* * * LOW HITPOINT WARNING * * *
You barely miss something. Something hits you.
* * * LOW HITPOINT WARNING * * *
You miss something. Something hits you.
* * * LOW HITPOINT WARNING * * *
You closely miss something. You closely miss something. Something hits you.
* * * LOW HITPOINT WARNING * * *
You barely miss something.
You hear some strange, mumbled words.
A puff of flame appears from out of thin air!
The puff of flame hits you! The fire burns you terribly!
You die...

#######....# #..........#
##...#'#....# ##....#.#....#
############### #...###.###..#
..............# ##.#.+.....+..#
#############.# #..#.###.###..#
######......#.####.##...#.#....#
...............Z@..##...#'#....#
######.#....#.#{.####..........#
## #.#......#..# #.#.#####..# .#
#.####...#..# #.#.### #.## .#
#....#.#.#..####.#...# #.# .#
####.#...#..##...###.# #.### ##
#.#<..#..##.#.###.###.... #
#...#.#.....#.#....##.### #
###.#.##.######.#..##.# #


You could see a friendly orc skeleton.

Vanquished Creatures
  A weeping skull (Ossuary)
  A phantom (D:5)
  A bullfrog (D:5)
  2 water moccasin zombies (Ossuary)
  2 scorpions
  A jelly (D:5)
  2 spectral scorpions (Ossuary)
  A hound (D:5)
  A sleepcap (D:5)
  An orc wizard (D:4)
  A bullfrog simulacrum (Ossuary)
  2 mummies (Ossuary)
  A gnoll (D:1)
  8 adders
  2 shadow imps (D:5)
  3 white imps (D:5)
  2 ufetubi (D:5)
  5 adder zombies (Ossuary)
  A ribbon worm (D:3)
  2 dart slugs (D:1)
  8 orcs
  7 endoplasms
  6 giant cockroaches
  16 gnoll zombies (Ossuary)
  6 goblins
  6 hobgoblins
  6 jackals
  2 quokkas
  6 ball pythons
  2 bats
  4 frilled lizards
  3 jackal zombies (Ossuary)
  4 kobolds
  2 orc zombies (Ossuary)
  6 rats
124 creatures vanquished.

Vanquished Creatures (collateral kills)
  A bat (D:2)
1 creature vanquished.

Grand Total: 125 creatures vanquished

Notes
Turn   | Place    | Note
-------+----------+-------------------------------------------
     0 | D:1      | Lobster4 the Mummy Necromancer began the quest for the Orb.
     0 | D:1      | Reached XP level 1. HP: 13/13 MP: 4/4
   159 | D:1      | Reached XP level 2. HP: 20/20 MP: 5/5
   611 | D:1      | Reached XP level 3. HP: 25/25 MP: 7/7
   686 | D:1      | Reached skill level 1 in Fighting
   960 | D:2      | Reached skill level 1 in Short Blades
   961 | D:2      | Reached XP level 4. HP: 32/32 MP: 6/9
  1003 | D:2      | Found a faded altar of an unknown god.
  1033 | D:2      | Found Ymiegics's Distillery.
  1235 | D:2      | Noticed Terence
  1241 | D:2      | Learned a level 3 spell: Vampiric Draining
  1246 | D:2      | Learned a level 4 spell: Animate Dead
  2529 | D:4      | Found a sacrificial altar of Ru.
  2672 | D:4      | Reached XP level 5. HP: 37/37 MP: 6/10
  2808 | D:4      | Found a shadowy altar of Dithmenos.
  2834 | D:4      | Found a stormy altar of Qazlal.
  3002 | D:4      | Reached skill level 1 in Armour
  3007 | D:4      | Reached skill level 1 in Evocations
  3092 | D:4      | Found Rycigog's Specific Store.
  3095 | D:4      | Found Pomucrid's General Store.
  3099 | D:4      | Bought a scroll of noise for 11 gold pieces
  3401 | D:5      | Entered Level 5 of the Dungeon
  3465 | D:5      | Found a sand-covered staircase.
  3472 | Ossuary  | Entered an ossuary
  3523 | Ossuary  | Reached skill level 5 in Necromancy
  3523 | Ossuary  | Reached XP level 6. HP: 35/43 MP: 12/12
  3622 | Ossuary  | Reached skill level 1 in Ranged Weapons
  3841 | Ossuary  | Reached skill level 5 in Spellcasting
  3860 | Ossuary  | Reached XP level 7. HP: 48/48 MP: 14/14
  3933 | D:5      | Got Sif Muna's Atlas of Sepulchral Bedrock
  4050 | D:5      | Found a transporter.
  4053 | D:5      | Noticed Zirtrex's ghost (amateur BaEE)
  4061 | D:5      | Found a transporter.
  4750 | D:6      | Noticed Maggie
  4931 | D:5      | Killed from afar by an orc wizard

Illustrated notes

Levels and vault maps discovered:
D:1:      eino_arrival_tree_alley, layout_basic, st_stairs_11
D:2:      layout_basic, serial_shops, shop,
          shapermc_ecumenical_altar_mp_urbaneastern, uniq_terence
D:3:      layout_loops_corners
D:4:      layout_loops_cross, nicolae_ru_great_annihilating_truth,
          gammafunk_temple_overflow_pools, serial_aquarium,
          aquarium_bridge_straight [aquarium_subvault_bridge,
          aquarium_subvault_balcony, aquarium_subvault_bridge,
          aquarium_subvault_window], aquarium_window_fake, aquarium_window_1,
          aquarium_window_fake, aquarium_view_2f, aquarium_view_2c,
          aquarium_pool_corner, nicolae_specific_store
D:5:      layout_basic, gammafunk_ghost_arena, serial_demonic, serial_demonic_a,
          serial_demonic_d, serial_demonic_f, serial_demonic_e,
          nicolae_ossuary_entry_plus
D:6:      layout_rooms, minmay_temple_entry_glassed_door, uniq_maggie

Skill      XL: |  1  2  3  4  5  6  7 |
---------------+----------------------+-----
Spellcasting   | 3 4 5 |  5.7
Stealth        | 2 |  2.0
Fighting       | 1 |  1.0
Dodging        | 2 |  2.0
Short Blades   | 1 |  1.0
Armour         | 1 2 |  2.6
Evocations     | 1 2 |  2.8
Necromancy     | 5 |  5.8
Ranged Weapons | 1 2 |  2.0

Action                     |  1- 3 |  4- 6 |  7- 9 || total
---------------------------+-------+-------+-------++-------
  Melee: Short sword       |    57 |    52 |    17 ||   126
         Dagger            |     4 |       |       ||     4
         Punch             |     1 |     1 |       ||     2
   Fire: Sling             |       |   110 |    88 ||   198
   Cast: Necrotise         |    12 |    28 |     9 ||    49
    Use: Scroll            |       |     1 |       ||     1
   Stab: Sleeping          |     1 |     4 |       ||     5
 Armour: Robe              |    29 |   105 |       ||   134
         Leather armour    |       |       |   101 ||   101
  Dodge: Dodged            |    22 |   102 |    65 ||   189

Table legend: (Time is in decaauts)
 A = Elapsed time spent in this place.
 B = Non-inter-level travel time spent in this place.
 C = Inter-level travel time spent in this place.
 D = Time resting spent in this place.
 E = Time spent auto-exploring this place.
 F = Levels seen in this place.
 G = Mean time per level.
                   A        B        C        D        E       F      G
               +--------+--------+--------+--------+--------+-----+--------+
         Total |   4998 |   4793 |    205 |    437 |   3246 |   7 |  714.0 |
       Dungeon |   4535 |   4330 |    205 |    256 |   3246 |   6 |  755.8 |
       Ossuary |    463 |    463 |      0 |    181 |      0 |   1 |  463.0 |
               +--------+--------+--------+--------+--------+-----+--------+

Top non-repeatable levels by time:
     D:5: 1122 daAuts
     D:3: 908 daAuts
     D:4: 893 daAuts
     D:2: 799 daAuts
     D:1: 792 daAuts
 Ossuary: 463 daAuts
     D:6: 18 daAuts
